 Dungeon Crawl Stone Soup version 0.28-a0-1339-ga5422284a4 (webtiles) character file.

Game seed: 9869715914398255542

4 bande the Skirmisher (level 1, 0/14 HPs)
             Began as a Gargoyle Fighter on Dec 29, 2021.
             Killed from afar by a dart slug (3 damage)
             ... with a slug dart
             ... on level 1 of the Dungeon.
             The game lasted 00:00:16 (70 turns).

bande the Skirmisher (Gargoyle Fighter)               Turns: 70, Time: 00:00:16

Health: 0/14       AC:  9    Str: 19    XL:     1   Next: 60%
Magic:  1/1        EV:  9    Int:  8    God:
Gold:   0          SH:  4    Dex:  9    Spells: 0/0 levels left

rFire   . . .      SeeInvis .   a - +0 war axe
rCold   . . .      Faith    .   c - +0 buckler
rNeg    + . .      Spirit   .   b - +0 scale mail
rPois   ∞          Reflect  .   (no helmet)
rElec   +          Harm     .   (no cloak)
rCorr   .          Rampage  .   (no gloves)
Will    .....                   (no boots)
Stlth   ..........              (no amulet)
HPRegen 0.04/turn               (no ring)
MPRegen 0.07/turn               (no ring)

@: no status effects
A: sickness immunity, AC +2, negative energy resistance 1, electricity
resistance, torment resistance 1, petrification resistance
a: no special abilities


You were on level 1 of the Dungeon.
You visited 1 branch of the dungeon, and saw 1 of its levels.

Inventory:

Hand Weapons
 a - a +0 war axe (weapon)
Armour
 b - a +0 scale mail (worn)
 c - a +0 buckler (worn)
Potions
 d - a potion of might
 e - a potion of attraction {unknown}


   Skills:
 + Level 3.4 Fighting
 + Level 1.8 Axes
 + Level 3.3 Armour
 + Level 3.3 Shields


You couldn't memorise any spells.
You didn't know any spells.
Your spell library was empty.

Dungeon Overview and Level Annotations

Branches:
Dungeon (1/15)

Altars:


Innate Abilities, Weirdness & Mutations

You are immune to sickness and miasma.
Your stone body is resilient. (AC +2)
You are immune to poison.
You resist negative energy. (rN+)
You are resistant to electric shocks. (rElec)
You are resistant to unholy torment.
You are immune to petrification.


Message History

Found 14 gold pieces.
The dart slug launches a dart at you.
The slug dart hits you but does no damage.
You see here a potion of might.
You enter the shallow water.
Moving in this stuff is going to be slow.
The dart slug barely misses you.
Your unstable footing causes you to fumble your attack.
You block the dart slug's attack.
You slash the dart slug!
The dart slug is almost dead.
You hit the dart slug. The dart slug barely misses you.
The dart slug launches a dart at you. The slug dart hits you.
You are too injured to fight recklessly!
You are too injured to fight recklessly!
You are too injured to fight recklessly!
You are too injured to fight recklessly!
You are too injured to fight recklessly!
You are too injured to fight recklessly!
You are too injured to fight recklessly!
You are too injured to fight recklessly!
You are too injured to fight recklessly!
You are too injured to fight recklessly!
Unknown command.
Your unstable footing causes you to fumble your attack.
The dart slug bites you but does no damage.
The dart slug bites you.
* * * LOW HITPOINT WARNING * * *
You barely miss the dart slug.
The dart slug is almost dead.
You hit the dart slug. The dart slug launches a dart at you.
You block the slug dart. The dart slug launches a dart at you.
The slug dart hits you but does no damage.
You see here a potion of might.
The dart slug launches a dart at you. The slug dart hits you.
You die...

###......##.....$ ......
.......... #.....
#.........
##.....##.........
..........≈≈≈≈≈≈≈≈
........ww≈≈≈≈≈≈≈≈
..........≈≈≈≈≈≈≈≈
#........≈≈≈#+#+#
#......@.≈≈≈+ ##+##
#........≈≈≈+ +...
#####....≈≈≈#+###.#####
#)...(...≈≈≈≈#...#...#
#......⌠..≈≈≈'.⌠.'...#
#..)...⌠..†≈≈'.⌠.'.<.#
.)...(......≈≈≈≈#...#...#
...........≈≈≈#'#'#.#####.
....###....≈≈≈'...#.......


You could see 2 dart slugs.

Vanquished Creatures
  An endoplasm (D:1)
  A goblin (D:1)
  A quokka (D:1)
3 creatures vanquished.

Notes
Turn   | Place    | Note
-------+----------+-------------------------------------------
     0 | D:1      | bande the Gargoyle Fighter began the quest for the Orb.
     0 | D:1      | Reached XP level 1. HP: 14/14 MP: 1/1
    70 | D:1      | Killed from afar by a dart slug

Illustrated notes

Levels and vault maps discovered:
D:1:      dpeg_arrival_castle, layout_basic,
          shapermc_ecumenical_altar_mp_ritualfount, chequers_decorated_corner

Action                   || total
-------------------------++-------
Melee: War axe           ||    18
Armor: Scale mail        ||    10
Dodge: Dodged            ||    10
Block: Buckler           ||     4

Table legend: (Time is in decaauts)
 A = Elapsed time spent in this place.
 B = Non-inter-level travel time spent in this place.
 C = Inter-level travel time spent in this place.
 D = Time resting spent in this place.
 E = Time spent auto-exploring this place.
 F = Levels seen in this place.
 G = Mean time per level.
                   A        B        C        D        E       F      G
               +--------+--------+--------+--------+--------+-----+--------+
         Total |     80 |     80 |      0 |      0 |     32 |   1 |   80.0 |
       Dungeon |     80 |     80 |      0 |      0 |     32 |   1 |   80.0 |
               +--------+--------+--------+--------+--------+-----+--------+

Top non-repeatable levels by time:
     D:1: 80 daAuts
